 Dungeon Crawl Stone Soup version 0.25.0-11-g1f837a76a1 (webtiles) character file.

Game seed: 10888369827033102778

105574 Ijustatesigmund the Champion of Chaos (level 16, -37/147 HPs)
             Began as a Hill Orc Gladiator on June 24, 2020.
             Was the Champion of Makhleb.
             Annihilated by Aizul (52 damage)
             ... on level 1 of the Spider Nest on June 25, 2020.
             The game lasted 01:17:36 (27882 turns).

Ijustatesigmund the Champion of Chaos (HOGl)       Turns: 27882, Time: 01:17:36

Health: -37/147    AC: 31    Str: 23    XL:     16   Next: 41%
Magic:  26/29      EV: 12    Int: 10    God:    Makhleb [******]
Gold:   2434       SH:  0    Dex: 22    Spells: 15/15 levels left

rFire    . . .     SeeInvis +   B - +3 war axe (vamp)
rCold    + + +     Gourm    .   O - +1 kite shield {rC+}
rNeg     . . .     Faith    .   g - +7 chain mail of Henotheism {rC++}
rPois    +         Spirit   .   c - +2 hat of Duug {rC+ Str+3 Int+2 SInv}
rElec    .         Reflect  .   M - +2 cloak of Limited Liability {Dex+4}
rCorr    .         Harm     .   b - +2 pair of gloves
MR       +....                  (no boots)
Stlth    ..........             G - amulet of regeneration
HPRegen  0.74/turn              H - +4 ring of protection
MPRegen  0.21/turn              v - ring of poison resistance

@: mighty, lethally poisoned (-37 -> -37), sleeping, very slightly contaminated,
invisible
A: agile 1, wild magic 1
a: Minor Destruction, Lesser Servant of Makhleb, Major Destruction, Greater
Servant of Makhleb, Renounce Religion


You were on level 1 of the Spider Nest.
You worshipped Makhleb.
Makhleb was exalted by your worship.
You were not hungry.

You visited 5 branches of the dungeon, and saw 25 of its levels.
You also visited: Trove, Sewer, Ice Cave and Volcano.

You collected 3142 gold pieces.
You spent 708 gold pieces at shops.

Inventory:

Hand Weapons
 w - a +7 morningstar
 B - a +3 vampiric war axe (weapon)
 P - the +7 hand crossbow of Nouff {flame, rF+}
   (You found it in a treasure trove)

   It causes projectiles fired from it to burn those they strike, causing extra
   injury to most foes and up to half again as much damage against particularly
   susceptible opponents.
   It protects you from fire.
 T - a +2 vorpal broad axe
Missiles
 h - a throwing net (quivered)
 q - 3 silver javelins
Armour
 b - a +2 pair of gloves (worn)
 c - the +2 hat of Duug (worn) {rC+ Str+3 Int+2 SInv}
   (You acquired it on level 15 of the Dungeon)

   It affects your strength (+3).
   It affects your intelligence (+2).
   It protects you from cold.
   It lets you see invisible.
 d - the +12 chain mail "Inlu" {rC- rN+ Int+4}
   (You found it in a treasure trove)

   It affects your intelligence (+4).
   It makes you vulnerable to cold.
   It protects you from negative energy.
 e - a +2 tower shield
 g - the +7 chain mail of Henotheism (worn) {rC++}
   (You found it on level 7 of the Dungeon)

   It greatly protects you from cold.
 M - the +2 cloak of Limited Liability (worn) {Dex+4}
   (You found it on level 15 of the Dungeon)

   It affects your dexterity (+4).
 O - a +1 kite shield of cold resistance (worn)
 Q - the +2 helmet of the Pit {rN+ Str-2 Int+3}
   (You found it in a treasure trove)

   It affects your strength (-2).
   It affects your intelligence (+3).
   It protects you from negative energy.
 S - the +27 Lear's hauberk
   (You found it in a treasure trove)
Jewellery
 j - the ring of the Skies Above {rF+ Str-5 Int+5 Dex+3}
   (You found it in a treasure trove)

   [ring of protection from fire]

   It affects your strength (-5).
   It affects your intelligence (+5).
   It affects your dexterity (+3).
   It protects you from fire.
 v - a ring of poison resistance (right hand)
 G - an amulet of regeneration (around neck)
 H - a +4 ring of protection (left hand)
 L - an uncursed ring of protection from cold
 N - a +6 ring of strength
 U - an uncursed ring of fire
 V - an uncursed ring of protection from cold
 W - an uncursed amulet of magic regeneration {unknown}
Wands
 a - a wand of digging (8)
 r - a wand of disintegration (2)
 s - a wand of flame (43)
 u - a wand of random effects (19)
 y - a wand of iceblast (11)
 C - a wand of polymorph (13)
 J - a wand of acid (15)
 K - a wand of clouds (4)
 X - a wand of paralysis (8)
Scrolls
 k - 11 scrolls of teleportation
 m - 3 scrolls of amnesia
 n - 7 scrolls of magic mapping
 o - 12 scrolls of identify
 p - 14 scrolls of remove curse
 t - 2 scrolls of blinking
 D - a scroll of holy word
 E - 4 scrolls of fog
Potions
 i - 6 potions of brilliance
 l - 6 potions of flight
 z - 6 potions of resistance
 A - 4 potions of curing
 F - 2 potions of ambrosia
 I - 4 potions of invisibility
Comestibles
 f - 38 rations


   Skills:
 + Level 14.8 Fighting
 + Level 17.8 Axes
 - Level 1.7 Throwing
 - Level 10.8 Armour
 - Level 7.4 Dodging
 - Level 7.0 Shields
 + Level 18.3 Invocations
 - Level 7.4 Evocations


You had 15 spell levels left.
You didn't know any spells.
Your spell library contained the following spells:

 Spells                   Type           Power        Failure   Level  Hunger
 Beastly Appendage        Tmut           #.....       100%        1    ##.....
 Foxfire                  Conj/Fire      #...         100%        1    ##.....
 Magic Dart               Conj           #...         100%        1    ##.....
 Sting                    Tmut/Pois      #...         100%        1    ##.....
 Blink                    Tloc           N/A          100%        2    ###....
 Call Imp                 Summ           #.......     100%        2    ###....
 Corpse Rot               Necr/Air       N/A          100%        2    ###....
 Ensorcelled Hibernation  Hex/Ice        #.....       100%        2    ###....
 Poisonous Vapours        Pois/Air       #.....       100%        2    ###....
 Searing Ray              Conj           #.....       100%        2    ###....
 Slow                     Hex            #.......     100%        2    ###....
 Sticks to Snakes         Tmut           #.......     100%        2    ###....
 Sublimation of Blood     Necr           #.........   100%        2    ###....
 Confusing Touch          Hex            #.......     100%        3    ####...
 Conjure Flame            Conj/Fire      #.......     100%        3    ####...
 Dazzling Flash           Conj/Hex       #.....       100%        3    ####...
 Gell's Gravitas          Tloc           #.........   100%        3    ####...
 Ignite Poison            Fire/Tmut/Pois #.......     100%        3    ####...
 Mephitic Cloud           Conj/Pois/Air  #.......     100%        3    ####...
 Ozocubu's Armour         Chrm/Ice       #.......     100%        3    ####...
 Spectral Weapon          Hex/Chrm       #.......     100%        3    ####...
 Spider Form              Tmut/Pois      #.........   100%        3    ####...
 Cause Fear               Hex            #.........   100%        4    #####..
 Dispel Undead            Necr           #.......     100%        4    #####..
 Fulminant Prism          Conj/Hex       #.........   100%        4    #####..
 Ice Form                 Ice/Tmut       #.......     100%        4    #####..
 Iskenderun's Mystic Bla  Conj/Tloc      #.......     100%        4    #####..
 Olgreb's Toxic Radiance  Pois           #.......     100%        4    #####..
 Petrify                  Tmut/Erth      #.......     100%        4    #####..
 Summon Ice Beast         Ice/Summ       #.......     100%        4    #####..
 Agony                    Necr           #.......     100%        5    ######.
 Blade Hands              Tmut           #.........   100%        5    ######.
 Excruciating Wounds      Chrm/Necr      #.........   100%        5    ######.
 Fireball                 Conj/Fire      #.........   100%        5    ######.
 Iskenderun's Battlesphe  Conj/Chrm      #.......     100%        5    ######.
 Metabolic Englaciation   Hex/Ice        #.........   100%        5    ######.
 Yara's Violent Unravell  Hex/Tmut       #.........   100%        5    ######.
 Freezing Cloud           Conj/Ice/Air   #.........   100%        6    #######
 Ozocubu's Refrigeration  Ice            #.........   100%        6    #######
 Starburst                Conj/Fire      #.........   100%        6    #######
 Ring of Flames           Chrm/Fire      #.........   100%        7    #######
 Ignition                 Fire           #.........   100%        8    #######


Dungeon Overview and Level Annotations

Branches:
Dungeon (15/15)            Temple (1/1) D:6            Lair (6/6) D:10
 Shoals (0/4) Lair:3       Spider (1/4) Lair:3        Slime (0/5) Lair:6
    Orc (2/2) D:10            Elf (0/3) Orc:2        Vaults (0/5) D:14
 Depths (0/5) D:15          Sewer (visited)           IceCv (visited)
Volcano (visited)

Altars:
Ashenzari
Cheibriados
Dithmenos
Elyvilon
Fedhas
Gozag
Hepliaklqana
Kikubaaqudgha
Makhleb
Nemelex Xobeh
Okawaru
Qazlal
Ru
Sif Muna
Trog
Uskayaw
Vehumet
Wu Jian
Xom
Yredelemnul
Zin
The Shining One
Beogh

Shops:
D:11 :   D:15 *   Orc:2 *[[=(

Annotations:
Spider:1 Aizul


Innate Abilities, Weirdness & Mutations

You are agile. (Dex +2)
Your spells are a little harder to cast, but a little more powerful.


Message History

The poison arrow hits you!!
You are poisoned.
You partially resist.
* * * LOW HITPOINT WARNING * * *
You hear an angry hiss.
It was a potion of mutation.
You feel extremely strange.
You feel more energetic.
You feel clever.
You feel less in control of your magic.
You feel agile.
You feel sick.
Aizul says, "I wasn't actually sleeping!"
You block Aizul's attack.
You miss Aizul.
You feel sick.
A wolf spider comes into view.
Aizul barely misses you.
You hit Aizul.
You feel better.
Aizul is lightly wounded.
Aizul casts a spell at you.
You fall asleep.
You feel sick. Aizul hits you!!!
You die...

#### #...
.## # ##
##.##..#
#@Ss.#
#......#
#..#...#
#.###.....
#. ..#..
.. ## . ##


You could see Aizul and a wolf spider (wandering).

Vanquished Creatures
  Gastronok (Lair:3)
  Frances (D:13)
  A frost giant (IceCv)
  An entropy weaver (Spider:1)
  A red draconian (Volcano)
  An ettin (Orc:2)
  Josephine (D:15)
  Snorg (Lair:3)
  Erolcha (Orc:1)
  5 hydras
  A catoblepas (D:13)
  2 dancing weapons (D:14)
  4 centaur warriors
  A tengu warrior (D:15)
  An alligator (Lair:6)
  2 two-headed ogres
  A vampire mage (D:15)
  Urug (Lair:6)
  2 orc high priests (Orc:2)
  Nergalle (Lair:4)
  A salamander mystic (Volcano)
  2 skeletal warriors (D:15)
  3 unseen horrors
  4 orc knights
  A necromancer (D:15)
  4 ugly things
  A deep elf mage (D:13)
  5 orc sorcerers
  An orb spider (Spider:1)
  A frost giant zombie (D:15)
  A moth of wrath (Spider:1)
  3 oklob plants (Lair:1)
  2 manticores
  5 wolf spiders
  A cyclops (D:7)
  3 salamanders (Volcano)
  4 black mambas
  6 elephants (Lair:5)
  An ice statue (IceCv)
  A freezing wraith (D:14)
  An efreet (D:15)
  20 spiny frogs
  3 rime drakes
  Maggie (Lair:1)
  7 komodo dragons
  7 demonic crawlers (Spider:1)
  19 polar bears
  8 trolls
  5 tyrant leeches (Lair:6)
  8 jumping spiders (Spider:1)
  A harpy skeleton (D:15)
  21 blink frogs
  21 slime creatures
  2 dream sheep (D:8)
  A fire dragon zombie (D:15)
  6 hippogriffs
  A shadow (D:12)
  10 redbacks (Spider:1)
  5 tarantellas (Spider:1)
  3 wyverns
  6 wraiths
  36 yaks
  A fire elemental (D:15)
  7 fire bats (Volcano)
  2 basilisks (Lair:2)
  3 hungry ghosts
  10 vampire mosquitoes
  Edmund (D:6)
  Menkaure (D:7)
  A warg (Orc:2)
  Duvessa (D:7)
  An acid dragon (D:15)
  14 water moccasins
  A tengu skeleton (D:15)
  30 orc warriors
  2 ice beasts (D:13)
  7 porcupines
  4 black bears
  An eye of draining (D:9)
  A necrophage (D:9)
  2 sky beasts (D:13)
  A phantom (D:3)
  16 ogres
  30 wolves
  23 centaurs
  14 crocodiles
  8 big kobolds
  36 bullfrogs
  2 gnoll sergeants (D:10)
  Dowan (D:7)
  8 scorpions
  11 killer bees
  14 wights
  6 electric eels
  2 howler monkeys (D:13)
  8 lava snakes (Volcano)
  5 crimson imps
  4 hounds
  A quasit (D:15)
  5 centaur skeletons
  4 jellies
  8 orc priests
  3 centaur zombies
  2 gnoll shamans
  6 human zombies
  19 orc wizards
  3 bullfrog skeletons
  A human skeleton (D:10)
  3 iguanas
  11 worker ants
  A killer bee zombie (D:9)
  A hound zombie (D:6)
  3 mummies (D:10)
  2 worker ant zombies
  11 gnolls
  A howler monkey skeleton (D:7)
  22 adders
  A river rat (D:6)
  3 shadow imps
  12 white imps (Orc:1)
  11 oozes (Sewer)
  An adder zombie (D:5)
  2 adder skeletons
  7 worms
  3 dart slugs (D:3)
  15 leopard geckos
  101 orcs
  8 bats
  21 giant cockroaches
  15 goblins
  6 hobgoblins
  16 jackals
  7 quokkas
  14 ball pythons
  A ball python skeleton (D:4)
  22 frilled lizards
  A jackal skeleton (D:5)
  3 kobolds
  A leopard gecko zombie (D:5)
  13 rats
  2 fungi
  5 plants
949 creatures vanquished.

Vanquished Creatures (collateral kills)
  An orc warlord (Orc:2)
  A fire bat (Volcano)
  2 orc warriors (Orc:2)
  2 killer bees (D:13)
  A lava snake (Volcano)
  2 orcs (Orc:2)
9 creatures vanquished.

Vanquished Creatures (others)
  A spiny frog (Lair:6)
  2 polar bears (IceCv)
  A blink frog (Lair:6)
  A yak (IceCv)
  2 wolves (IceCv)
  An orc wizard (Orc:1)
  4 fungi
  29 plants (Lair:6)
41 creatures vanquished.

Grand Total: 999 creatures vanquished

Notes
Turn   | Place    | Note
-------+----------+-------------------------------------------
     0 | D:1      | Ijustatesigmund the Hill Orc Gladiator began the quest for
                  | the Orb.
     0 | D:1      | Reached XP level 1. HP: 18/18 MP: 1/1
   100 | D:1      | Reached XP level 2. HP: 25/25 MP: 2/2
   758 | D:2      | Reached XP level 3. HP: 31/31 MP: 3/3
   773 | D:2      | Reached skill level 5 in Axes
   977 | D:1      | Reached XP level 4. HP: 10/40 MP: 4/4
  1249 | D:2      | Found a hazy altar of Hepliaklqana.
  1473 | D:2      | Reached skill level 1 in Shields
  1943 | D:3      | Reached XP level 5. HP: 40/46 MP: 5/5
  2428 | D:3      | Reached skill level 1 in Armour
  2545 | D:3      | Noticed a big kobold
  2546 | D:3      | Found a transporter.
  2547 | D:3      | Noticed an ogre
  2547 | D:3      | Noticed a phantom
  2563 | D:3      | Found a transporter.
  2571 | D:3      | Found a shimmering blue altar of Sif Muna.
  2780 | D:3      | Reached XP level 6. HP: 52/52 MP: 6/6
  3136 | D:3      | Found a burning altar of Makhleb.
  3137 | D:3      | Found a radiant altar of Vehumet.
  3467 | D:4      | Reached XP level 7. HP: 60/60 MP: 7/7
  3931 | D:5      | Entered Level 5 of the Dungeon
  3954 | D:5      | Reached skill level 5 in Shields
  4182 | D:5      | Reached skill level 5 in Fighting
  4202 | D:5      | Found an ornate altar of the Wu Jian Council.
  4565 | D:5      | Reached XP level 8. HP: 65/68 MP: 8/8
  4661 | D:6      | Found a glowing drain.
  4741 | Sewer    | Entered a sewer
  5522 | D:6      | Reached skill level 5 in Armour
  5690 | D:6      | Found a staircase to the Ecumenical Temple.
  5756 | D:6      | Noticed Edmund
  5775 | D:6      | Killed Edmund
  5775 | D:6      | Reached XP level 9. HP: 57/78 MP: 9/9
  6339 | Temple   | Entered the Ecumenical Temple
  6546 | D:3      | Became a worshipper of Makhleb the Destroyer
  6599 | D:3      | Reached skill level 1 in Invocations
  6665 | D:3      | Killed an unseen horror
  6665 | D:3      | Reached skill level 3 in Invocations
  7086 | D:7      | Noticed a cyclops
  7102 | D:7      | Killed a cyclops
  7102 | D:7      | Reached skill level 4 in Invocations
  7564 | D:8      | Reached XP level 10. HP: 64/89 MP: 13/13
  7683 | D:8      | Reached skill level 5 in Invocations
  7931 | D:7      | Reached skill level 10 in Axes
  7999 | D:7      | Noticed a two-headed ogre
  8012 | D:7      | Killed a two-headed ogre
  8109 | D:7      | Noticed a centaur warrior
  8123 | D:7      | Killed a centaur warrior
  8123 | D:7      | Reached skill level 6 in Invocations
  8284 | D:7      | Noticed Duvessa
  8285 | D:7      | Noticed Dowan
  8289 | D:7      | Killed Dowan
  8297 | D:7      | Killed Duvessa
  8313 | D:7      | Found a bloodstained altar of Trog.
  8418 | D:7      | Got an aquamarine-studded chain mail
  8424 | D:7      | Identified the +7 chain mail of Henotheism {rC++} (You
                  | found it on level 7 of the Dungeon)
  8466 | D:7      | Noticed Menkaure
  8484 | D:7      | Killed Menkaure
  9165 | D:7      | Reached skill level 7 in Invocations
  9377 | D:8      | Reached * piety under Makhleb
  9496 | D:8      | Reached XP level 11. HP: 78/99 MP: 16/16
  9511 | D:8      | Reached skill level 10 in Fighting
  9605 | D:8      | Noticed a three-headed hydra
  9611 | D:8      | Killed a one-headed hydra
  9611 | D:8      | Reached skill level 8 in Invocations
  9868 | D:8      | Found a glowing golden altar of the Shining One.
 10886 | D:9      | Found a shimmering altar of Xom.
 11480 | D:9      | Reached skill level 9 in Invocations
 11486 | D:9      | Reached ** piety under Makhleb
 11849 | D:10     | Entered Level 10 of the Dungeon
 12367 | D:10     | Found a staircase to the Lair.
 12415 | D:10     | Found a roughly hewn altar of Beogh.
 12459 | D:10     | Reached *** piety under Makhleb
 12794 | D:10     | Found a staircase to the Orcish Mines.
 12810 | D:10     | Reached skill level 10 in Invocations
 13028 | D:10     | Found a basalt altar of Yredelemnul.
 13180 | D:11     | Reached **** piety under Makhleb
 13197 | D:11     | Reached skill level 11 in Invocations
 13205 | D:11     | Reached XP level 12. HP: 106/106 MP: 20/20
 13495 | D:11     | Found Zikeiroq's Book Emporium.
 13507 | D:11     | Identified the +2 ring mail "Raycy" {SInv} (You found it on
                  | level 11 of the Dungeon)
 13970 | D:12     | Noticed a two-headed ogre
 13984 | D:12     | Killed a two-headed ogre
 14621 | D:12     | Reached skill level 12 in Invocations
 14720 | D:13     | Noticed Frances
 14881 | D:13     | Noticed a sun demon
 15065 | D:13     | Killed Frances
 15147 | D:13     | Noticed a centaur warrior
 15155 | D:13     | Killed a centaur warrior
 15201 | D:12     | Reached ***** piety under Makhleb
 15271 | D:13     | Noticed a centaur warrior
 15302 | D:13     | Killed a centaur warrior
 15337 | D:13     | Noticed a catoblepas
 15354 | D:13     | Killed a catoblepas
 15354 | D:13     | Reached XP level 13. HP: 116/116 MP: 22/22
 15538 | D:13     | Reached skill level 13 in Invocations
 15595 | D:13     | Reached skill level 15 in Axes
 15609 | D:13     | Reached skill level 10 in Armour
 16121 | D:14     | Found a gate to the Vaults.
 16714 | D:15     | Entered Level 15 of the Dungeon
 16748 | D:15     | Noticed Josephine
 16762 | D:15     | Killed Josephine
 17023 | D:15     | Got a slimy cloak
 17034 | D:15     | Identified the +2 cloak of Limited Liability {Dex+4} (You
                  | found it on level 15 of the Dungeon)
 17216 | D:15     | Identified a scroll of acquirement
 17223 | D:15     | Got the +2 hat of Duug {rC+ Str+3 Int+2 SInv}
 17318 | D:15     | Found Tisaricy's Tempting Trifles.
 17326 | D:15     | Bought a scroll of teleportation for 51 gold pieces
 17378 | D:15     | Bought a +2 tower shield for 280 gold pieces
 17566 | D:15     | Found a portal to a secret trove of treasure.
 17575 | D:15     | You paid a toll of 6 scrolls of fear to enter a treasure
                  | trove
 17576 | Trove    | Entered a treasure trove
 17583 | Trove    | Found the +27 Lear's hauberk
 17586 | Trove    | Got a slimy chain mail
 17589 | Trove    | Got a steaming ivory ring
 17597 | Trove    | Got a masterwork hand crossbow
 17601 | Trove    | Got a fine helmet
 17622 | Trove    | Identified the +7 hand crossbow of Nouff {flame, rF+} (You
                  | found it in a treasure trove)
 17635 | Trove    | Identified the +12 chain mail "Inlu" {rC- rN+ Int+4} (You
                  | found it in a treasure trove)
 17655 | Trove    | Identified the +2 helmet of the Pit {rN+ Str-2 Int+3} (You
                  | found it in a treasure trove)
 17787 | D:15     | Reached skill level 14 in Invocations
 17791 | D:15     | Reached skill level 1 in Evocations
 17869 | D:15     | Found a staircase to the Depths.
 18237 | Orc:1    | Entered Level 1 of the Orcish Mines
 18256 | Orc:1    | Noticed Erolcha
 18269 | Orc:1    | Killed Erolcha
 18269 | Orc:1    | Reached ****** piety under Makhleb
 18269 | Orc:1    | Reached XP level 14. HP: 127/127 MP: 24/24
 18316 | Orc:1    | Found a frozen archway.
 18348 | IceCv    | Entered an ice cave
 18378 | IceCv    | Reached skill level 5 in Dodging
 18493 | IceCv    | Identified the Guide on Enthralling Confrontation
 18791 | IceCv    | Reached skill level 15 in Invocations
 18871 | IceCv    | Noticed a frost giant
 18893 | IceCv    | Killed a frost giant
 18893 | IceCv    | Reached skill level 5 in Evocations
 19037 | IceCv    | Identified Woengeh's Guide on the Frostbite
 19044 | IceCv    | Identified the ring of the Skies Above {rF+ Str-5 Int+5
                  | Dex+3} (You found it in a treasure trove)
 19346 | Orc:2    | Entered Level 2 of the Orcish Mines
 19346 | Orc:2    | Found a staircase to the Elven Halls.
 19393 | Orc:2    | Found Yrulaff's Antique Weapon Emporium.
 19534 | Orc:2    | Found Rugesh's Jewellery Boutique.
 19570 | Orc:2    | Noticed an orc warlord
 19776 | Orc:2    | Found Majepsolint's Antique Armour Emporium.
 19784 | Orc:1    | Paralysed by an orc sorcerer for 3 turns
 20015 | Orc:2    | Found Viuch's General Store.
 20027 | Orc:2    | Gained mutation: You are dopey. (Int -2) [a neqoxec]
 20030 | Orc:2    | Gained mutation: Your magical capacity is low. (-10% MP) [a
                  | neqoxec]
 20244 | Orc:2    | Bought a scroll of enchant weapon for 112 gold pieces
 20244 | Orc:2    | Bought a scroll of teleportation for 45 gold pieces
 20320 | Orc:2    | Killed an orc warlord
 20370 | Orc:2    | Found Aseon's Antique Armour Boutique.
 20825 | Lair:1   | Entered Level 1 of the Lair of Beasts
 20893 | Lair:1   | Found a dark tunnel.
 20902 | Volcano  | Entered a volcano
 20958 | Volcano  | Reached skill level 16 in Invocations
 21107 | Volcano  | Noticed a red draconian
 21148 | Volcano  | Killed a red draconian
 21148 | Volcano  | Reached XP level 15. HP: 91/134 MP: 24/24
 21189 | Volcano  | Found a radiant altar of Vehumet.
 21322 | Lair:1   | Noticed Maggie
 21337 | Lair:1   | Killed Maggie
 22779 | Lair:2   | Found an ornate altar of the Wu Jian Council.
 23556 | Lair:3   | Noticed Snorg
 23557 | Lair:3   | Found a staircase to the Shoals.
 23580 | Lair:3   | Killed Snorg
 23811 | Lair:3   | Noticed Gastronok
 23856 | Lair:3   | Killed Gastronok
 24018 | Lair:3   | Found a hole to the Spider Nest.
 24187 | Lair:3   | Reached skill level 17 in Invocations
 24370 | Lair:4   | Noticed Nergalle
 24390 | Lair:4   | Killed Nergalle
 25776 | Lair:6   | Entered Level 6 of the Lair of Beasts
 26052 | Lair:6   | Noticed Urug
 26077 | Lair:6   | Killed Urug
 26214 | Lair:6   | Reached XP level 16. HP: 146/146 MP: 25/25
 26495 | Lair:6   | Found a staircase to the Slime Pits.
 27410 | Orc:2    | Bought an uncursed ring of poison resistance for 220 gold
                  | pieces
 27599 | Spider:1 | Entered Level 1 of the Spider Nest
 27619 | Spider:1 | Reached skill level 18 in Invocations
 27876 | Spider:1 | Noticed Aizul
 27879 | Spider:1 | Lost mutation: Your magical capacity is low. (-10% MP)
                  | [potion of mutation]
 27879 | Spider:1 | Lost mutation: You are dopey. (Int -2) [potion of mutation]
 27879 | Spider:1 | Gained mutation: Your spells are a little harder to cast,
                  | but a little more powerful. [potion of mutation]
 27879 | Spider:1 | Gained mutation: You are agile. (Dex +2) [potion of
                  | mutation]
 27882 | Spider:1 | Annihilated by Aizul

Illustrated notes

Levels and vault maps discovered:
D:1:      minmay_arrival_nine_rooms, layout_rooms
D:2:      layout_basic, old_standard_altar
D:3:      layout_loops_ring, grunt_temple_overflow_lords_of_destruction,
          gammafunk_temple_overflow_arena, first_ration
D:4:      layout_rooms
D:5:      layout_rooms, kennysheep_little_box
D:6:      layout_rooms, minmay_temple_entry_stoned_glass, portal_sewer_entry_b,
          serial_bayou_pond_b, uniq_edmund
D:7:      minmay_cornered_nines, layout_cave_pools, lightli_temple_of_fire,
          kennysheep_decorative_pillar, serial_bayou_pond_c, uniq_duvessa,
          uniq_menkaure
D:8:      layout_loops_corners, tso_altar, hangedman_ranch
          [blue_anna_fruit_fields], grunt_decor_cap, serial_bayou_lake_a
D:9:      layout_layer_cave, brannock_xom_greatest_gift
D:10:     layout_cave_pools, lair_entry_dummy,
          kennysheep_orc_monster_closet_entryway, special_room
          [special_room_orc], grunt_ministairs_11,
          lemuel_mausoleum_altar_yredelemnul
D:11:     layout_roguey, serial_shops, shop
D:12:     layout_irregular_city, abandoned_shop
D:13:     layout_gridville, uniq_frances
D:14:     layout_irregular_city, erik_vaults_1, ebering_dispersal_statue_hall
D:15:     gammafunk_depths_entry_grave, layout_gridville, enter_trove_0,
          nicolae_lava_and_water, nicolae_alphabet_shops, uniq_josephine
Temple:   regret_index_temple_waves
Lair:1:   layout_hall_layers, nicolae_volcano_entry_lava_flow,
          beast_lair_carwin_5, minmay_lair_oklob_chamber, uniq_maggie
Lair:2:   layout_regular_city, lemuel_centaur_altar
Lair:3:   layout_concentric_octagons, minmay_shoals_entry_beasts,
          nicolae_spider_entry_non_spiders, grunt_megastairs_5, uniq_gastronok,
          uniq_snorg
Lair:4:   layout_cave_shapes, uniq_nergalle
Lair:5:   layout_roguey, infiniplex_staircase_pool_2
Lair:6:   minmay_lair_end_frog_pond, layout_cave_shapes, slime_dummy,
          lemuel_old_faithful, uniq_urug
Spider:1: layout_spider_delve, hangedman_spider_mandibles, uniq_aizul
Orc:1:    layout_diamond_mine, portal_ice_cave_entry_imps, uniq_erolcha
Orc:2:    grunt_orc_gardens, layout_caves, grunt_orc_garden, grunt_orc_garden,
          grunt_orc_garden, grunt_orc_garden, serial_shops, shop

Skill      XL: |  1  2  3  4  5  6  7  8  9 10 11 12 13 14 15 16 |
---------------+-------------------------------------------------+-----
Fighting       | 3 4 5 6 8 9 10 11 12 14 | 14.8
Axes           | 5 6 8 9 11 13 14 15 17 | 17.8
Shields        | 2 3 4 5 6 7 |  7.0
Armour         | 1 3 4 5 7 8 9 10 | 10.8
Invocations    | 4 7 11 12 14 16 17 18 | 18.3
Dodging        | 3 4 7 |  7.4
Evocations     | 2 7 |  7.4
Throwing       | |  1.7

Action                   |  1- 3 |  4- 6 |  7- 9 | 10-12 | 13-15 | 16-18 || total
-------------------------+-------+-------+-------+-------+-------+-------++-------
Melee: War axe           |    89 |   292 |   458 |  1089 |  1977 |   351 ||  4256
       Hand axe          |       |       |       |    11 |       |       ||    11
       Morningstar       |       |       |       |       |    19 |     8 ||    27
Throw: Throwing net      |       |       |     3 |     2 |       |       ||     5
Invok: Lesser Servant of |       |       |       |     1 |     5 |       ||     6
       Minor Destruction |       |       |       |       |     1 |       ||     1
       Greater Servant o |       |       |       |       |     1 |       ||     1
Evoke: Wand              |       |       |     1 |    17 |    23 |     4 ||    45
  Use: Scroll            |     4 |     9 |    12 |     4 |    10 |     2 ||    41
       Potion            |     1 |       |     8 |     3 |     3 |     4 ||    19
 Stab: Invisible         |     3 |       |       |       |       |       ||     3
       Held in net/web   |       |       |       |     1 |       |       ||     1
       Distracted        |       |       |       |       |     3 |       ||     3
  Eat: Chunk             |       |     9 |    11 |    22 |    20 |     3 ||    65
       Ration            |       |       |     1 |     3 |     5 |     1 ||    10
Armor: Leather armour    |     4 |       |       |       |       |       ||     4
       Scale mail        |    44 |   113 |       |       |       |       ||   157
       Chain mail        |       |    11 |   211 |   486 |  1053 |   299 ||  2060
       Skin              |       |       |    15 |       |       |       ||    15
Dodge: Dodged            |    78 |    70 |    61 |   194 |   629 |   219 ||  1251
Block: Tower shield      |       |   195 |   335 |   883 |   259 |       ||  1672
       Kite shield       |       |       |       |       |   995 |   302 ||  1297
